 Dungeon Sprint DCSS version 0.19.4 (webtiles) character file.

278 TryAgain the Thaumaturge (level 8, -14/41 HPs)
             Began as a Deep Elf Air Elementalist on Feb 4, 2017.
             Was a High Priest of Vehumet.
             Demolished by an anaconda (20 damage)
             ... in the Dungeon (Sprint VI: "Thunderdome").
             The game lasted 00:09:58 (625 turns).

TryAgain the Thaumaturge (Deep Elf Air Elementalist) Turns: 625, Time: 00:09:59

Health: -14/41     AC:  2    Str:  7    XL:     8   Next: 40%
Magic:  26/26      EV: 16    Int: 26    God:    Vehumet [*****.]
Gold:   111        SH:  6    Dex: 19    Spells: 7 memorised, 15 levels left

rFire  x . .     SeeInvis +     p - +2 trident (flame)
rCold  . . .     Gourm    .     a - +0 robe
rNeg   . . .     Faith    .     q - +0 buckler
rPois  .         Spirit   .     (no helmet)
rElec  +         Reflect  .     (no cloak)
rCorr  .         Harm     +     (no gloves)
MR     +++++     NoTele   +     (no boots)
Stlth  ++++......               t - amulet "Popn" {Harm *Drain rC- MR+ Str+2}
                                s - ring of Starshine {rElec MR+ Dex+4 Slay-4 SInv}
                                r - ring of the Red Skies {Ice -Tele MR+++ Int+3}

@: lethally poisoned (-14 -> -28), constricted
A: no striking features
a: Renounce Religion


You were in the Dungeon.
You worshipped Vehumet.
Vehumet was extremely pleased with you.
You were not hungry.

You visited 1 branch You collected 600 gold pieces.
You spent 489 gold pieces at shops.

Inventory:

Hand Weapons
 o - a +4 vampiric scythe
 p - a +2 trident of flaming (weapon)
Armour
 a - a +0 robe (worn)
 q - a +0 buckler (worn)
Jewellery
 r - the ring of the Red Skies (left hand) {Ice -Tele MR+++ Int+3}
   (You bought it in a shop in the Dungeon)

   [ring of ice]

   It enhances your ice magic.
   It affects your intelligence (+3).
   It makes you vulnerable to fire.
   It protects you from cold.
   It affects your resistance to hostile enchantments.
   It prevents most forms of teleportation.
 s - the ring of Starshine (right hand) {rElec MR+ Dex+4 Slay-4 SInv}
   (You bought it in a shop in the Dungeon)

   [ring of protection from magic]

   It affects your dexterity (+4).
   It affects your accuracy and damage with ranged weapons and melee attacks
   (-4).
   It insulates you from electricity.
   It affects your resistance to hostile enchantments.
   It lets you see invisible.
 t - the amulet "Popn" (around neck) {Harm *Drain rC- MR+ Str+2}
   (You bought it in a shop in the Dungeon)

   [amulet of harm]

   It increases damage dealt and taken.
   It affects your strength (+2).
   It makes you vulnerable to cold.
   It affects your resistance to hostile enchantments.
   It causes draining when unequipped.
Wands
 j - a wand of acid (0/15)
 k - a wand of iceblast (1/15)
 n - a wand of flame (10/48)
Scrolls
 i - 4 scrolls of blinking
 l - 3 scrolls of fog
Potions
 d - 2 potions of curing
 e - 2 potions of heal wounds
 f - 4 potions of haste
 g - 2 potions of magic
 h - a potion of berserk rage
 m - a potion of resistance
Books
 b - a book of Air

   Spells                             Type                      Level
   a - Shock                          Conjuration/Air              1
   b - Swiftness                      Charms/Air                   2
   c - Repel Missiles                 Charms/Air                   2
   d - Static Discharge               Conjuration/Air              3
   e - Lightning Bolt                 Conjuration/Air              5
Comestibles
 c - a bread ration


   Skills:
 + Level 8.5 Dodging
 + Level 9.1 Stealth
 - Level 4.8 Shields
 + Level 12.3 Spellcasting
 + Level 6.4 Conjurations
 + Level 10.2 Air Magic


You had 15 spell levels left.
You knew the following spells:

 Your Spells              Type           Power        Failure   Level  Hunger
a - Shock                 Conj/Air       ####         1%          1    None
b - Static Discharge      Conj/Air       ######..     1%          3    None
c - Lightning Bolt        Conj/Air       ######....   1%          5    ###....
d - Freeze                Ice            ###.         1%          1    None
e - Swiftness             Chrm/Air       #####...     1%          2    None
f - Repel Missiles        Chrm/Air       #####.       1%          2    None
g - Searing Ray           Conj           #####.       1%          2    None


Dungeon Overview and Level Annotations

Branches:
Dungeon (1/1)

Altars:
Cheibriados
Dithmenos
Fedhas
Gozag
Kikubaaqudgha
Makhleb
Okawaru
Qazlal
Ru
Sif Muna
Trog
Uskayaw
Vehumet
Xom
Yredelemnul
Zin
The Shining One
Beogh
Jiyva
Lugonu

Shops:
D *[%??*?*:[((!!!!

Annotations:
D Aizul


Message History

Okay, then.
Evoke which item? (* to show all) (? for menu, Esc to quit)
Zapping:
k - a wand of iceblast (2/15)
Press: ? - help, Shift-Dir - straight line, f - anaconda
Aim: an anaconda (heavily wounded)
The mass of ice explodes!
The iceblast engulfs the anaconda.
The anaconda is severely wounded.
This wand has 1 charge left.
Aizul casts a spell at you. The poison arrow hits you!
You are poisoned.
Ouch! That really hurt!
* * * LOW HITPOINT WARNING * * *
You cannot teleport because you are wearing the ring of the Red Skies {Ice -Tele MR+++ Int+3}.
* * * LOW HITPOINT WARNING * * *
You feel sick.
* * * LOW HITPOINT WARNING * * *
You feel sick. Aizul closely misses you. The anaconda grabs you.
The anaconda bites you!
You die...

###[8.........8.######
__......###......__.∩##
......8.# #.8........∩###
(.÷.....###.............##
..÷..###...###..........⌠#
.....# #.<.# #..........§#
.....###...###..........§#
........###......S.....)##
......8.# #.8...@S...∩###
__......###..÷....__∩##
###.8.[...[.).8.######
#⌠......÷)...⌠#
###.........###
#........_# #_......._#
#_......._# #∩.......∩#


You could see Aizul and an anaconda.

Vanquished Creatures
  A rime drake (D)
  Sigmund (D)
  A naga (D)
  An ice beast (D)
  A wolf (D)
  A gnoll sergeant (D)
  4 hounds (D)
  Terence (D)
  2 gnolls (D)
  An adder simulacrum (D)
  A leopard gecko (D)
  An orc (D)
  2 bats (D)
  A bat simulacrum (D)
  2 frilled lizards (D)
  A jackal simulacrum (D)
  A kobold (D)
  A leopard gecko simulacrum (D)
24 creatures vanquished.

Notes
Turn   | Place    | Note
-------+----------+-------------------------------------------
     0 | D        | TryAgain the Deep Elf Air Elementalist began the quest for the Orb.
     0 | D        | Reached XP level 1. HP: 10/10 MP: 6/6
     2 | D        | Found a blossoming altar of Fedhas.
     3 | D        | Found an iron altar of Okawaru.
     3 | D        | Found a basalt altar of Yredelemnul.
     4 | D        | Found a shadowy altar of Dithmenos.
     4 | D        | Found an ancient bone altar of Kikubaaqudgha.
     5 | D        | Found Zuig's Identification Station.
     5 | D        | Found a glowing golden altar of the Shining One.
     5 | D        | Found a shimmering altar of Xom.
     5 | D        | Found Guilacyoq's Bee Food.
     5 | D        | Round 1.
     6 | D        | Found Taqahosa's Advanced Armour.
     6 | D        | Found Ujikeg's Jewellery.
     9 | D        | Noticed Sigmund
    10 | D        | Killed Sigmund
    10 | D        | Reached skill level 6 in Spellcasting
    10 | D        | Reached XP level 2. HP: 15/15 MP: 6/11
    10 | D        | Reached XP level 3. HP: 19/19 MP: 7/13
    10 | D        | Reached XP level 4. HP: 24/24 MP: 7/14
    10 | D        | Reached XP level 5. HP: 28/28 MP: 8/16
    17 | D        | Found a viscous altar of Jiyva.
    21 | D        | Found a radiant altar of Vehumet.
    25 | D        | Found Jupsulas's Magic Scroll Shop.
    25 | D        | Found Uduhyfy's Magic Scroll Shop.
    26 | D        | Found Sotzasi's Must-Have Magic.
    29 | D        | Became a worshipper of Vehumet
    30 | D        | Found an opulent altar of Gozag.
    30 | D        | Found a deep blue altar of Sif Muna.
    30 | D        | Found a sacrificial altar of Ru.
    30 | D        | Found Hozevi Ehui's Staff Store.
    34 | D        | Found a stormy altar of Qazlal.
    35 | D        | Found a hide-covered altar of Uskayaw.
    37 | D        | Found Goschirr's Distillery.
    38 | D        | Found Pyatut's Distillery.
    38 | D        | Found Noudgh's Bottled Wisdom.
    39 | D        | Found a bloodstained altar of Trog.
    39 | D        | Found a glowing silver altar of Zin.
    39 | D        | Found Dekax's Do-It-Yourself Clinic.
    44 | D        | Found a burning altar of Makhleb.
    45 | D        | Found a roughly hewn altar of Beogh.
    46 | D        | Found a snail-covered altar of Cheibriados.
    47 | D        | Found Pisheuza's Weapon Rack.
    48 | D        | Found a corrupted altar of Lugonu.
    48 | D        | Found Xuidghi's Premium Goods.
    48 | D        | Found Jattich's Basic Armour.
    48 | D        | Found Juro's Miscellaneous Merchandise.
    69 | D        | Reached skill level 5 in Dodging
    69 | D        | Reached skill level 5 in Stealth
    69 | D        | Reached skill level 7 in Spellcasting
   110 | D        | Noticed Terence
   125 | D        | Killed Terence
   131 | D        | Reached * piety under Vehumet
   131 | D        | Offered knowledge of Freeze by Vehumet.
   131 | D        | Arena points: 12 (+12) [x2]
   173 | D        | Round 2.
   180 | D        | Learned a level 3 spell: Static Discharge
   186 | D        | Learned a level 5 spell: Lightning Bolt
   188 | D        | Learned a level 1 spell: Freeze
   191 | D        | Learned a level 2 spell: Swiftness
   194 | D        | Learned a level 2 spell: Repel Missiles
   203 | D        | Reached ** piety under Vehumet
   204 | D        | Offered knowledge of Magic Dart by Vehumet.
   224 | D        | Arena points: 54 (+42) [x3]
   248 | D        | Round 3.
   294 | D        | Noticed a wolf
   298 | D        | Reached *** piety under Vehumet
   298 | D        | Reached XP level 6. HP: 32/32 MP: 10/18
   299 | D        | Reached skill level 8 in Spellcasting
   349 | D        | Reached skill level 5 in Conjurations
   357 | D        | Reached **** piety under Vehumet
   357 | D        | Offered knowledge of Searing Ray by Vehumet.
   357 | D        | Arena points: 138 (+84) [x4]
   357 | D        | Reached skill level 9 in Spellcasting
   370 | D        | Learned a level 2 spell: Searing Ray
   375 | D        | Bought a potion of experience for 300 gold pieces
   375 | D        | Reached skill level 11 in Spellcasting
   375 | D        | Reached XP level 7. HP: 36/36 MP: 17/24
   391 | D        | Bought a +0 buckler for 54 gold pieces
   411 | D        | Bought an ancient lead ring for 45 gold pieces
   411 | D        | Identified the ring of the Red Skies {Ice -Tele MR+++ Int+3} (You bought it in a shop in the Dungeon)
   417 | D        | Round 4.
   421 | D        | Offered knowledge of Sticky Flame by Vehumet.
   462 | D        | Reached XP level 8. HP: 35/41 MP: 21/25
   498 | D        | Noticed a rime drake
   509 | D        | Killed a rime drake
   509 | D        | Reached ***** piety under Vehumet
   509 | D        | Reached skill level 12 in Spellcasting
   509 | D        | Reached skill level 10 in Air Magic
   546 | D        | Arena points: 278 (+140) [x5]
   559 | D        | Bought a translucent marble ring for 45 gold pieces
   559 | D        | Bought a warped platinum amulet for 45 gold pieces
   559 | D        | Identified the amulet "Popn" {Harm *Drain rC- MR+ Str+2} (You bought it in a shop in the Dungeon)
   560 | D        | Identified the ring of Starshine {rElec MR+ Dex+4 Slay-4 SInv} (You bought it in a shop in the Dungeon)
   584 | D        | Round 5.
   620 | D        | Noticed Aizul
   621 | D        | Noticed an anaconda
   622 | D        | Offered knowledge of Bolt of Draining by Vehumet.
   625 | D        | Demolished by an anaconda

Skill      XL: |  1  2  3  4  5  6  7  8 |
---------------+-------------------------+-----
Dodging        | 4 6 7 8 |  8.5
Stealth        | 4 6 7 8 9 |  9.1
Spellcasting   | 6 7 11 12 | 12.3
Air Magic      | 8 9 10 | 10.2
Conjurations   | 4 5 6 |  6.4
Shields        | 4 |  4.8

Action                   |  1- 3 |  4- 6 |  7- 9 || total
-------------------------+-------+-------+-------++-------
 Cast: Shock             |       |    33 |     9 ||    42
       Static Discharge  |       |     3 |       ||     3
Evoke: Wand              |     1 |     3 |     7 ||    11
  Use: Potion            |       |     2 |     1 ||     3
Armor: Robe              |       |     1 |     1 ||     2
Dodge: Dodged            |       |    27 |     7 ||    34
